[Event "*** SCC Grand Prix: Titled Tuesday Blitz"]
[Site "Chess.com"]
[Date "2020.07.14"]
[Round "10"]
[White "Joseacorrea"]
[Black "RobPeresian"]
[Result "0-1"]
[WhiteElo "1969"]
[BlackElo "2238"]
[TimeControl "180+1"]
[EndTime "11:57:13 PDT"]
[Termination "RobPeresian won by resignation"]

1. c4 e6 2. Nc3 d5 3. cxd5 exd5 4. d4 c6 5. Nf3 Nf6 6. Bg5 Qb6 7. Bxf6 Qxb2 8. Qc1 Qxc1+ 9. Rxc1 gxf6 10. e3 Bf5 11. Kd2 Ba3 12. Re1 Nd7 13. Bd3 Bg6 14. e4 dxe4 15.
Bxe4 O-O-O 16. h4 Nc5 17. h5 Bxe4 18. Nxe4 Bb4+ 19. Ke2 Nxe4 0-1

[Event "*** SCC Grand Prix: Titled Tuesday Blitz"]
[Site "Chess.com"]
[Date "2020.07.14"]
[Round "10"]
[White "MVM2008"]
[Black "ailime26"]
[Result "1-0"]
[WhiteElo "2217"]
[BlackElo "1889"]
[TimeControl "180+1"]
[EndTime "11:57:17 PDT"]
[Termination "MVM2008 won by resignation"]

1. e4 c5 2. Nf3 Nc6 3. Nc3 e6 4. d4 cxd4 5. Nxd4 Nf6 6. Nxc6 bxc6 7. e5 Nd5 8. Ne4 Qc7 9. f4 Be7 10. c4 Nb6 11. b3 O-O 12. Bd3 d5 13. exd6 Bxd6 14.
Nxd6 f5 15. c5 Nd5 16. Bb2 Qa5+ 17. Qd2 Qxc5 18. Nxc8 Raxc8 19. Rc1 Qd6 20. Be5 Qb4 21. Qxb4 Nxb4 22. Bb1 Rfd8 23. O-O Rd5 24. a3 Nd3 25.
Bxd3 Rxd3 26. Rc3 Rd2 27. Rfc1 c5 28. Rxc5 Rd1+ 29. Rxd1 Rxc5 30. Rd7 Rc1+ 31. Kf2 Rc2+ 32. Ke3 g6 33. Rg7+ Kf8 34. Rxh7 Rxg2 35. Rxa7 Rxh2 36. b4 Rh3+ 37. Kd4 Rh1 38. Kc5 Re1 39. Kd6 g5 40.
fxg5 Re4 41. Kxe6 f4 1-0

[Event "*** SCC Grand Prix: Titled Tuesday Blitz"]
[Site "Chess.com"]
[Date "2020.07.14"]
[Round "10"]
[White "AryanTari"]
[Black "13MiRacLe"]
[Result "1-0"]
[WhiteElo "2864"]
[BlackElo "2634"]
[TimeControl "180+1"]
[EndTime "11:57:19 PDT"]
[Termination "AryanTari won on time"]

1. e4 e5 2. Nf3 Nc6 3. Nc3 Nf6 4. a3 d5 5. Bb5 Nxe4 6. Qe2 Qd6 7. Nxe4 dxe4 8.
Qxe4 Bd7 9. d4 O-O-O 10. dxe5 Nxe5 11. Bxd7+ Rxd7 12. O-O Nxf3+ 13. Qxf3 Qd5 14. Qg3 f5 15. Bf4 Bd6 16. Rae1 Bxf4 17. Qxf4 g6 18. Re2 Qd4 19. Qf3 Qxb2 20. Rfe1 Rhd8 21. h4 Qf6 22. h5 Rd1 23. g3 Rxe1+ 24. Rxe1 Kb8 25. Qf4 g5 26. Qe5 Qf7 27.
Qe7 Qxe7 28. Rxe7 a5 29. Rxh7 b5 30. Rf7 Rd5 31. h6 Kb7 32. Rg7 1-0

[Event "*** SCC Grand Prix: Titled Tuesday Blitz"]
[Site "Chess.com"]
[Date "2020.07.14"]
[Round "10"]
[White "winniethepooh04"]
[Black "AniJak"]
[Result "0-1"]
[WhiteElo "2151"]
[BlackElo "2312"]
[TimeControl "180+1"]
[EndTime "11:57:23 PDT"]
[Termination "AniJak won by resignation"]

1. e4 c6 2. Nf3 d5 3. Nc3 Bg4 4. h3 Bxf3 5. Qxf3 Nf6 6. exd5 cxd5 7. Bb5+ Nc6 8. O-O e6 9. Re1 Be7 10. Ne2 O-O 11. d4 Qb6 12. Bxc6 bxc6 13. c3 c5 14. Rb1 cxd4 15. Nxd4 Ne4 16. Be3 Qc7 17. g4 Bg5 18. Qg2 Bxe3 19. Rxe3 Rab8 20. f3 Nd6 21. f4 Nc4 22. Rf3 Rfe8 23. b3 e5 24. Nf5 exf4 25.
Rbf1 Ne3 26. Nxe3 fxe3 27. Rxf7 Qxf7 28. Rxf7 Kxf7 29. Qxd5+ Kf8 30. Kf1 Rbd8 31. Qf5+ Kg8 32. Ke1 e2 0-1

[Event "*** SCC Grand Prix: Titled Tuesday Blitz"]
[Site "Chess.com"]
[Date "2020.07.14"]
[Round "10"]
[White "Unknown_IM"]
[Black "dosto07"]
[Result "1-0"]
[WhiteElo "2381"]
[BlackElo "2232"]
[TimeControl "180+1"]
[EndTime "11:57:24 PDT"]
[Termination "Unknown_IM won on time"]

1. e4 e5 2. Nf3 Nc6 3. Bb5 a6 4. Ba4 Nf6 5. d3 b5 6. Bb3 Be7 7. Bd5 Nxd5 8. exd5 Nd4 9. O-O Nxf3+ 10. Qxf3 d6 11.
c4 O-O 12. Nc3 b4 13. Ne2 f5 14. d4 e4 15. Qb3 a5 16. a4 Bf6 17. Be3 Bd7 18.
c5 Kh8 19. Rfd1 Qe7 20. Nf4 g5 21. Ne6 Bxe6 22. dxe6 f4 23. cxd6 cxd6 24. Bc1 Rac8 25. d5 Rc5 26. Bd2 Rfc8 27. Rac1 h6 28. Rxc5 Rxc5 29. Rc1 Qc7 30. Qd1 Bxb2 31. Rxc5 dxc5 32. Qh5 Bg7 33. Qe8+ Kh7 34. e7 Qe5 35. h3 Qxd5 36. Qd8 Qb3 37. e8=Q Qd1+ 38. Kh2 f3 39. Qg8+ Kg6 40. Qd6+ Kf5 41. Qf7+ 1-0

[Event "*** SCC Grand Prix: Titled Tuesday Blitz"]
[Site "Chess.com"]
[Date "2020.07.14"]
[Round "10"]
[White "Caterpiller35"]
[Black "JoliyRoger"]
[Result "1-0"]
[WhiteElo "2445"]
[BlackElo "2284"]
[TimeControl "180+1"]
[EndTime "11:57:25 PDT"]
[Termination "Caterpiller35 won on time"]

1. d4 Nf6 2. Bg5 Ne4 3. Bf4 c5 4. f3 Nf6 5. dxc5 Qa5+ 6. Qd2 Qxc5 7. Nc3 a6 8. O-O-O b5 9. e4 d6 10. Nd5 Nxd5 11. exd5 Nd7 12. Be3 Qc7 13. f4 Bb7 14. Nf3 Nf6 15. Bd4 Nxd5 16. Bd3 Nf6 17. Rhe1 h6 18. Kb1 O-O-O 19. a4 Bc6 20. axb5 axb5 21.
Bxf6 gxf6 22. Nd4 Qb6 23. Qc3 Kb7 24. Qb3 b4 25. Nxc6 Kxc6 26. Be4+ Kc7 27. Qxf7 Qc5 28. Rd5 Qf2 29. Red1 Qb6 30. R5d4 1-0

[Event "*** SCC Grand Prix: Titled Tuesday Blitz"]
[Site "Chess.com"]
[Date "2020.07.14"]
[Round "10"]
[White "MisiekZielony"]
[Black "rududuyk"]
[Result "1-0"]
[WhiteElo "2203"]
[BlackElo "2065"]
[TimeControl "180+1"]
[EndTime "11:57:26 PDT"]
[Termination "MisiekZielony won by resignation"]

1. c4 e5 2. Nc3 Nc6 3. g3 Bc5 4. Bg2 d6 5. e3 f5 6. Nge2 Nf6 7. d4 Bb6 8. O-O O-O 9. a3 a5 10. Rb1 Qe8 11. b4 Qh5 12. c5 Ba7 13. f4 e4 14.
Qb3+ Kh8 15. b5 Nd8 16. b6 cxb6 17. cxd6 Be6 18. d5 Bg8 19. Nd4 b5 20. Ndxb5 Ng4 21.
h3 Bxe3+ 22. Kh1 Nf2+ 23. Kh2 Ng4+ 24. Kh1 Nf2+ 25. Rxf2 Bxf2 26. Nd1 Bxg3 27. Qxg3 Qxd1+ 28. Kh2 Bxd5 29. Bb2 1-0

[Event "*** SCC Grand Prix: Titled Tuesday Blitz"]
[Site "Chess.com"]
[Date "2020.07.14"]
[Round "10"]
[White "Indianlad"]
[Black "Hikaru"]
[Result "0-1"]
[WhiteElo "2948"]
[BlackElo "3195"]
[TimeControl "180+1"]
[EndTime "11:57:28 PDT"]
[Termination "Hikaru won by resignation"]

1. e4 c5 2. Nc3 a6 3. g3 g6 4. Bg2 Bg7 5. d3 Nc6 6. Be3 d6 7. Qd2 Rb8 8. f4 b5 9. Nf3 b4 10. Nd1 Nf6 11. h3 Bb7 12. O-O Nd7 13. c3 a5 14. Nf2 a4 15. Rab1 Ba6 16. Rfe1 O-O 17. f5 Qa5 18. c4 b3 19. axb3 Rxb3 20.
Qc1 Rfb8 21. Bh6 Bxb2 22. Rxb2 Rxb2 23. fxg6 hxg6 24. Ng4 Rb1 25. Qe3 Rxe1+ 26. Nxe1 Rb1 27. Kf1 a3 0-1

[Event "*** SCC Grand Prix: Titled Tuesday Blitz"]
[Site "Chess.com"]
[Date "2020.07.14"]
[Round "10"]
[White "andy_rekt"]
[Black "realmadridtv"]
[Result "0-1"]
[WhiteElo "2308"]
[BlackElo "2462"]
[TimeControl "180+1"]
[EndTime "11:57:30 PDT"]
[Termination "realmadridtv won by checkmate"]

1. d4 Nf6 2. c4 e6 3. Nc3 Bb4 4. e3 b6 5. Ne2 Ne4 6. Qc2 Bb7 7. f3 Nxc3 8. Nxc3 O-O 9. Bd3 f5 10. O-O Qf6 11. a3 Be7 12. d5 e5 13. b4 a5 14. Rb1 axb4 15. axb4 d6 16. Bb2 Nd7 17. Nb5 Bd8 18. f4 Bc8 19. fxe5 Nxe5 20. e4 f4 21. Nd4 Qh6 22. Nf5 Bxf5 23. Bxe5 Bg4 24. Bd4 f3 25. gxf3 Bxf3 26. Qf2 Bh4 27. Qxf3 Rxf3 28. Rxf3 Ra2 29. Rbf1 Qg5+ 30. Kh1 Qg2# 0-1

[Event "*** SCC Grand Prix: Titled Tuesday Blitz"]
[Site "Chess.com"]
[Date "2020.07.14"]
[Round "10"]
[White "Tonychess32"]
[Black "MustafayevFarid2004"]
[Result "0-1"]
[WhiteElo "2631"]
[BlackElo "2404"]
[TimeControl "180+1"]
[EndTime "11:57:31 PDT"]
[Termination "MustafayevFarid2004 won by resignation"]

1. e4 c6 2. d4 d5 3. e5 Bf5 4. Nc3 Qb6 5. g4 Bd7 6. h3 e6 7. Nge2 c5 8. Be3 Nc6 9. f4 h5 10. Bg2 Nh6 11. dxc5 Bxc5 12. Bxc5 Qxc5 13. Qd2 Rc8 14.
O-O-O O-O 15. Bf3 Rfd8 16. g5 Nf5 17. Bxh5 Be8 18. g6 fxg6 19. Bg4 Na5 20. Bxf5 gxf5 21. Nd4 Nc4 22. Qd3 Qb4 23. Nb3 a5 24. Rhg1 a4 25. Qg3 Rc7 26. a3 Nxa3 27. bxa3 Qxa3+ 28. Kd2 axb3 29. Qh4 bxc2 30. Rxg7+ Rxg7 31. Kxc2 Rc8 32. Rd3 Rg2+ 33. Kd1 Qa1+ 0-1

[Event "*** SCC Grand Prix: Titled Tuesday Blitz"]
[Site "Chess.com"]
[Date "2020.07.14"]
[Round "10"]
[White "korkmaz16"]
[Black "mirochka"]
[Result "1-0"]
[WhiteElo "2325"]
[BlackElo "2174"]
[TimeControl "180+1"]
[EndTime "11:57:31 PDT"]
[Termination "korkmaz16 won on time"]

1. d4 Nf6 2. Nf3 d5 3. e3 Bf5 4.
Bd3 Bg6 5. O-O e6 6. c4 c6 7. Nc3 Nbd7 8. Re1 Ne4 9. Bxe4 dxe4 10. Nd2 f5 11. c5 Qc7 12. b4 a6 13. Qb3 Bf7 14.
Nc4 e5 15. Rd1 exd4 16. exd4 Nf6 17. g3 Be7 18. Bf4 Qd8 19. d5 cxd5 20. Nb6 d4 21. Qa4+ Kf8 22. Nxa8 Qxa8 23. Rxd4 h6 24. Rad1 g5 25.
Bd6 Bxd6 26. Rxd6 Kg7 27. Qa5 Qe8 28. Qb6 Qe5 29. Ne2 Qb2 30. Nd4 Ng4 31. Nxf5+ 1-0

[Event "*** SCC Grand Prix: Titled Tuesday Blitz"]
[Site "Chess.com"]
[Date "2020.07.14"]
[Round "10"]
[White "denispopov"]
[Black "mr65"]
[Result "1/2-1/2"]
[WhiteElo "1790"]
[BlackElo "2085"]
[TimeControl "180+1"]
[EndTime "11:57:31 PDT"]
[Termination "Game drawn by agreement"]

1. e4 e5 2. Nf3 Nc6 3. Bb5 a6 4. Ba4 Nf6 5. Bxc6 dxc6 6. d3 Nd7 7. Nbd2 f6 8. Qe2 Bd6 9. h3 O-O 10. Nf1 Qe7 11. Ne3 Nc5 12. Bd2 g6 13. g3 Ne6 14. h4 f5 15. exf5 gxf5 16. Nc4 Nd4 17. Nxd4 exd4 18. Qxe7 Bxe7 19. O-O-O Bd6 20. Rde1 Bd7 21.
Nxd6 cxd6 22. Re7 Rf7 23. Rhe1 Raf8 24. Bh6 Rxe7 25. Rxe7 Rf7 26. Re1 c5 27. Bf4 d5 28.
Bd6 c4 29. Bc5 cxd3 30. cxd3 Bb5 31. Kd2 f4 32. Bxd4 fxg3 33. fxg3 Rf3 34. Re3 Rxe3 35.
Bxe3 h5 36. d4 Bd7 37. Bf4 Bg4 38. Be5 Kf7 39. Kc3 Ke6 40. Kb4 Kd7 41. Kc5 Bf3 42.
Kb6 Kc8 43. Bf4 Bg4 44. Kc5 Bf3 45. Kd6 Kd8 46. Ke6 Kc8 47. Kd6 1/2-1/2

[Event "*** SCC Grand Prix: Titled Tuesday Blitz"]
[Site "Chess.com"]
[Date "2020.07.14"]
[Round "10"]
[White "KazakhFighter04"]
[Black "Chess_Boxer123"]
[Result "1-0"]
[WhiteElo "2750"]
[BlackElo "2577"]
[TimeControl "180+1"]
[EndTime "11:57:33 PDT"]
[Termination "KazakhFighter04 won by resignation"]

1. e4 c5 2. Nf3 g6 3. c3 d5 4. exd5 Qxd5 5. d4 Nc6 6. Be2 Bg7 7. c4 Qd8 8. d5 Nd4 9. O-O e5 10. Nxd4 cxd4 11. Re1 Ne7 12. Bf1 O-O 13. Nd2 b5 14. b3 bxc4 15. bxc4 Bf5 16. Ba3 Re8 17. Nf3 Qa5 18.
Bxe7 Rxe7 19. Nxd4 exd4 20. Rxe7 d3 21. Rb1 Qc5 22.
Rbb7 Qxc4 23. Rxf7 Bd4 24. Rxf5 gxf5 25. Qh5 Qxd5 26.
Qxh7+ Kf8 27. Qe7+ Kg8 28. Rd7 1-0

[Event "*** SCC Grand Prix: Titled Tuesday Blitz"]
[Site "Chess.com"]
[Date "2020.07.14"]
[Round "10"]
[White "dodorox"]
[Black "GaboSalazar2001"]
[Result "1-0"]
[WhiteElo "2148"]
[BlackElo "2287"]
[TimeControl "180+1"]
[EndTime "11:57:34 PDT"]
[Termination "dodorox won by resignation"]

1. d4 Nf6 2. c4 c5 3. d5 b5 4. cxb5 a6 5. bxa6 g6 6. Nc3 Bg7 7. g3 O-O 8. Bg2 d6 9. Nf3 Bxa6 10. Rb1 Nbd7 11. b3 Qa5 12. Bd2 Rfb8 13. O-O Ng4 14. Qc2 Bb7 15. Rfd1 Bxc3 16. Bxc3 Qxa2 17. Qxa2 Rxa2 18. Kf1 Ngf6 19. Ne1 Ba6 20. Bf3 Nb6 21. Bxf6 exf6 22. b4 Na4 23. bxc5 Rxb1 24. Rxb1 Nc3 25. Rb8+ Kg7 26. cxd6 Nxe2 27. Kg2 Rd2 28. d7 Rxd5 1-0

[Event "*** SCC Grand Prix: Titled Tuesday Blitz"]
[Site "Chess.com"]
[Date "2020.07.14"]
[Round "10"]
[White "Sjakkerntobi"]
[Black "rpragchess"]
[Result "0-1"]
[WhiteElo "2421"]
[BlackElo "2821"]
[TimeControl "180+1"]
[EndTime "11:57:36 PDT"]
[Termination "rpragchess won by resignation"]

1. e4 c5 2. Nf3 e6 3. d4 cxd4 4. Nxd4 a6 5. c4 Nf6 6. Nc3 Qc7 7. Qd3 Nc6 8. Be2 b6 9. O-O Bb7 10. f4 Nxd4 11. Be3 Nxe2+ 12. Qxe2 d6 13. Bd4 e5 14.
Be3 Be7 15. Rae1 Rc8 16. b3 b5 17. fxe5 dxe5 18. Nd5 Bxd5 19. cxd5 O-O 20. Qf3 Qd7 21.
h3 Ne8 22. g4 Bc5 23. Qg3 Nd6 24. Bxc5 Rxc5 25. h4 Rc2 26. g5 Rfc8 27. h5 R8c3 28.
Rf3 Qa7+ 29. Kf1 Qd4 30. g6 hxg6 31. hxg6 fxg6 32. Qg4 Rxf3+ 33. Qxf3 Qd2 34. a4 Qh2 35. axb5 axb5 36. Ra1 Nxe4 37. Rd1 Rf2+ 0-1

[Event "*** SCC Grand Prix: Titled Tuesday Blitz"]
[Site "Chess.com"]
[Date "2020.07.14"]
[Round "10"]
[White "Batsai"]
[Black "diamonds13"]
[Result "0-1"]
[WhiteElo "2366"]
[BlackElo "2258"]
[TimeControl "180+1"]
[EndTime "11:57:36 PDT"]
[Termination "diamonds13 won on time"]

1. d4 Nf6 2. c4 e6 3. Nc3 Bb4 4.
f3 c5 5. d5 exd5 6. cxd5 O-O 7.
e4 d6 8. Bd3 c4 9. Bc2 b5 10.
Ne2 a6 11. O-O Bc5+ 12. Kh1 Nh5 13. Qe1 Qf6 14. Rb1 g5 15. b4 Bb6 16. Bb2 Qh6 17. a4 Nd7 18. a5 Ba7 19. Nd1 Ne5 20. Nf2 f5 21. Kg1 f4 22. Bd4 Bxd4 23. Nxd4 Ng3 24. h3 Bd7 25. Qc3 Qg6 26. Rfd1 h5 27. Ne6 Rf7 28.
Nc5 Rh7 29. Nb7 g4 30. fxg4 hxg4 31. hxg4 Bxg4 0-1

[Event "*** SCC Grand Prix: Titled Tuesday Blitz"]
[Site "Chess.com"]
[Date "2020.07.14"]
[Round "10"]
[White "maestroza"]
[Black "qingaunlee"]
[Result "1/2-1/2"]
[WhiteElo "2496"]
[BlackElo "2359"]
[TimeControl "180+1"]
[EndTime "11:57:38 PDT"]
[Termination "Game drawn by repetition"]

1. d4 Nf6 2. Nf3 e6 3. e3 c5 4. Bd3 Nc6 5. O-O d5 6. b3 Bd6 7.
Bb2 O-O 8. a3 b6 9. Nbd2 Bb7 10.
Ne5 Ne7 11. f4 Ne4 12. Bxe4 dxe4 13. Ndc4 f6 14. Nxd6 Qxd6 15. Nc4 Qd5 16. dxc5 bxc5 17. Qg4 Nf5 18. Rad1 Qc6 19. Na5 Qc7 20. Nxb7 Qxb7 21.
Qe2 Rfd8 22. Bc1 Rd5 23. Qc4 Rad8 24. Qxe4 Qa6 25. Rxd5 Rxd5 26. c4 Rd8 27. Qc2 Qd6 28. Qe4 Kf7 29. Kf2 Rb8 30. Qc2 Rd8 31. Ke2 Qc6 32. Kf2 Qd6 33. Ke2 Qc6 34. Kf2 Qd6 1/2-1/2

[Event "*** SCC Grand Prix: Titled Tuesday Blitz"]
[Site "Chess.com"]
[Date "2020.07.14"]
[Round "10"]
[White "PawnEatingZombie"]
[Black "eightbyeightchess"]
[Result "0-1"]
[WhiteElo "2229"]
[BlackElo "2416"]
[TimeControl "180+1"]
[EndTime "11:57:40 PDT"]
[Termination "eightbyeightchess won by resignation"]

1. d4 d5 2. c4 c6 3. Nc3 Nf6 4. e3 a6 5. Qc2 b5 6. b3 Bg4 7.
Nge2 e6 8. Ng3 Bd6 9. Bd3 Nbd7 10. h3 Bh5 11. Nxh5 Nxh5 12. O-O f5 13. Bd2 O-O 14.
Rac1 Qh4 15. Be1 Nhf6 16. f3 Qh5 17. e4 fxe4 18. fxe4 dxe4 19. Nxe4 Nxe4 20. Rxf8+ Rxf8 21. Bxe4 c5 22. Bf2 Qg5 23. cxb5 cxd4 24. bxa6 Nc5 25.
Bd3 Nxd3 26. Qxd3 Qxc1+ 27. Qf1 Bh2+ 28. Kxh2 Qxf1 0-1

[Event "*** SCC Grand Prix: Titled Tuesday Blitz"]
[Site "Chess.com"]
[Date "2020.07.14"]
[Round "10"]
[White "fabianvivasz"]
[Black "MashaFromRussia"]
[Result "1-0"]
[WhiteElo "2283"]
[BlackElo "2409"]
[TimeControl "180+1"]
[EndTime "11:57:41 PDT"]
[Termination "fabianvivasz won by resignation"]

1. e4 c5 2. Nf3 Nc6 3. d4 cxd4 4. Nxd4 Nf6 5. Nc3 e5 6. Ndb5 d6 7. Bg5 a6 8. Na3 b5 9. Bxf6 gxf6 10. Nd5 f5 11. g3 fxe4 12. Bg2 Bf5 13. c3 Bg7 14. Nc2 O-O 15. g4 Be6 16. Nce3 Qh4 17. Bxe4 Rad8 18. Qf3 Na5 19. O-O-O Nc4 20. Nf5 Bxf5 21.
Qxf5 b4 22. g5 bxc3 23. b3 Na5 24. Rd3 f6 25. Ne7+ Kh8 26. Rh3 Qf4+ 27. Qxf4 f5 28. Rxh7+ Kxh7 29. Qh4+ 1-0

[Event "*** SCC Grand Prix: Titled Tuesday Blitz"]
[Site "Chess.com"]
[Date "2020.07.14"]
[Round "10"]
[White "Mr_Sinigami"]
[Black "carlesdc96"]
[Result "0-1"]
[WhiteElo "2574"]
[BlackElo "2726"]
[TimeControl "180+1"]
[EndTime "11:57:43 PDT"]
[Termination "carlesdc96 won on time"]

1. d4 Nf6 2. Nf3 b6 3. Bf4 Bb7 4. h3 e6 5. e3 c5 6. c3 Nc6 7. Be2 d5 8. Ne5 Nxe5 9. Bxe5 Nd7 10. Bg3 Be7 11. O-O O-O 12. a4 Nf6 13. Nd2 Bd6 14.
Bh4 h6 15. f4 Be7 16. a5 Ne4 17. Bxe7 Qxe7 18. Nxe4 dxe4 19. Qe1 cxd4 20. exd4 f5 21. Bc4 Kh7 22. Qd1 Bd5 23. Qb3 Bxc4 24. Qxc4 Rfb8 25.
Rf2 b5 26. Qe2 Qd6 27. Qe3 Rc8 28. Rc2 Rab8 29. Rac1 a6 30. b3 Qa3 31. b4 Qb3 32. Kh2 Qd5 33. g4 Qd6 34. Rg2 Rb7 35. Kh1 Rbc7 36.
gxf5 exf5 37. Rcg1 Qf6 38. Rg6 Qxg6 39. Rxg6 Kxg6 40.
Qg3+ Kh7 41. Qh4 Rxc3 42. Qh5 Rc1+ 43. Kg2 R8c2+ 44. Kg3 Rg1+ 45. Kh4 g6 0-1

[Event "*** SCC Grand Prix: Titled Tuesday Blitz"]
[Site "Chess.com"]
[Date "2020.07.14"]
[Round "10"]
[White "ARTHURMOTIVATOR"]
[Black "Zurability"]
[Result "1-0"]
[WhiteElo "2354"]
[BlackElo "2547"]
[TimeControl "180+1"]
[EndTime "11:57:43 PDT"]
[Termination "ARTHURMOTIVATOR won by resignation"]

1. e4 c5 2. Nf3 d6 3. d4 cxd4 4. Nxd4 Nf6 5. Nc3 a6 6. h3 e5 7.
Nde2 h5 8. Bg5 Be6 9. f4 Nbd7 10.
f5 Bc4 11. Ng3 Bxf1 12. Nxf1 Be7 13. Ne3 Nxe4 14. Nxe4 Bxg5 15. Nxd6+ Kf8 16. Nec4 Rh6 17. O-O b5 18. Qd5 Rf6 19. Ne4 bxc4 20. Nxg5 Qb6+ 21. Kh1 Qc6 22. Nh7+ Ke7 23. Nxf6 1-0

[Event "*** SCC Grand Prix: Titled Tuesday Blitz"]
[Site "Chess.com"]
[Date "2020.07.14"]
[Round "10"]
[White "artichaud"]
[Black "tan275"]
[Result "1-0"]
[WhiteElo "2087"]
[BlackElo "2245"]
[TimeControl "180+1"]
[EndTime "11:57:43 PDT"]
[Termination "artichaud won by resignation"]

1. e4 c6 2. d4 d5 3. Nd2 dxe4 4.
Nxe4 Bf5 5. Ng3 Bg6 6. f4 e6 7.
h4 h6 8. Nf3 Bd6 9. h5 Bh7 10.
Bd3 Bxd3 11. Qxd3 Nf6 12. Ne4 Nxe4 13. Qxe4 O-O 14. Bd2 Na6 15. O-O-O Nb4 16. Kb1 b5 17. g4 Nd5 18. g5 hxg5 19. fxg5 b4 20. g6 Rb8 21. h6 Nc3+ 22. Bxc3 bxc3 23. b3 Qa5 24.
hxg7 Qf5 25. gxf8=Q+ Kxf8 26. Qxf5 exf5 27. Rh8+ Kg7 28.
Rxb8 Bxb8 29. gxf7 Kxf7 30. Rd3 1-0

[Event "*** SCC Grand Prix: Titled Tuesday Blitz"]
[Site "Chess.com"]
[Date "2020.07.14"]
[Round "10"]
[White "yuliagok"]
[Black "KratosKrieg"]
[Result "1-0"]
[WhiteElo "2090"]
[BlackElo "1951"]
[TimeControl "180+1"]
[EndTime "11:57:45 PDT"]
[Termination "yuliagok won by checkmate"]

1. d4 d5 2. c4 e6 3. Nc3 Nf6 4. Nf3 Be7 5. Bf4 O-O 6. e3 b6 7. cxd5 Nxd5 8. Nxd5 Qxd5 9. a3 c5 10. Rc1 Bb7 11. Be2 Nd7 12. O-O Rfd8 13. dxc5 Bxc5 14. Qxd5 Bxd5 15. Bc4 Nf6 16. Bxd5 Rxd5 17. b4 Bd6 18. Bxd6 Rxd6 19. Ne5 Rad8 20. f4 Nd5 21.
Rfe1 Nf6 22. Rc7 a5 23. Nxf7 Rd1 24. Nxd8 Rxe1+ 25. Kf2 Ra1 26. Nxe6 Ne8 27. Re7 Ra2+ 28. Kf3 Nd6 29. Rxg7+ Kh8 30. Rd7 Kg8 31. Rxd6 Kf7 32.
Ng5+ Ke7 33. Rxb6 Rxa3 34. bxa5 Rxa5 35. Nxh7 Ra1 36. h4 Kf7 37. h5 Kg7 38. Ng5 Rf1+ 39. Kg4 Rg1 40. g3 Rb1 41. h6+ Kg8 42. h7+ Kh8 43.
Rxb1 Kg7 44. Rb7+ Kh8 45. Rb8+ Kg7 46. h8=Q+ Kg6 47. Rb6# 1-0

[Event "*** SCC Grand Prix: Titled Tuesday Blitz"]
[Site "Chess.com"]
[Date "2020.07.14"]
[Round "10"]
[White "GM_Levan_Pantsulaia"]
[Black "viktorskliarov"]
[Result "1-0"]
[WhiteElo "2838"]
[BlackElo "2614"]
[TimeControl "180+1"]
[EndTime "11:57:46 PDT"]
[Termination "GM_Levan_Pantsulaia won by resignation"]

1. Nf3 g6 2. g3 Bg7 3. Bg2 Nf6 4. b3 O-O 5. Bb2 c5 6. c4 Nc6 7. O-O d5 8. cxd5 Nxd5 9. Bxg7 Kxg7 10. d4 cxd4 11.
Nxd4 Nxd4 12. Qxd4+ Nf6 13. Qe5 Qb6 14. Nc3 Be6 15. Na4 Qb4 16. Qc5 Qxc5 17. Nxc5 Bd5 18. Nxb7 Bxg2 19. Kxg2 Rab8 20. Na5 Rb6 21. Rfd1 Rc8 22.
Rac1 Rxc1 23. Rxc1 Ra6 24. b4 Nd5 25. a3 e6 26. e4 Nf6 27. Rc6 Rb6 28. Rxb6 axb6 29.
Nc4 Nd7 30. a4 Kf6 31. e5+ Ke7 32. f4 f5 33. exf6+ Kxf6 34. Kf3 h5 35. h4 Kf5 36. Ne5 Nb8 37. b5 Kf6 38. Ke4 Kg7 39. Kd4 Kf6 40. Kc4 Kf5 41. Kb4 Ke4 42. a5 bxa5+ 43. Kxa5 Ke3 44.
Kb6 Kf2 45. Kc7 Kxg3 46. Nxg6 Kg4 1-0

[Event "*** SCC Grand Prix: Titled Tuesday Blitz"]
[Site "Chess.com"]
[Date "2020.07.14"]
[Round "10"]
[White "Fortitudine"]
[Black "Kavyev_Ruslan"]
[Result "0-1"]
[WhiteElo "2298"]
[BlackElo "2448"]
[TimeControl "180+1"]
[EndTime "11:57:46 PDT"]
[Termination "Kavyev_Ruslan won by resignation"]

1. d4 Nf6 2. Nc3 d5 3. Bg5 Nbd7 4. Nf3 e6 5. e4 dxe4 6. Nxe4 Be7 7. Nxf6+ Nxf6 8. Bd3 Bd7 9. Ne5 O-O 10. O-O h6 11.
Bh4 Qe8 12. Nxd7 Qxd7 13. c3 Nd5 14. Bg3 c5 15. dxc5 Bxc5 16. Be4 Rfd8 17. Qb3 Nf6 18.
Qxb7 Nxe4 19. Qxe4 Qd2 20. Rab1 a5 21. Bf4 Qd7 22. Be3 Bxe3 23. Qxe3 a4 24. Rfe1 Rab8 25. b3 a3 26. b4 Qd2 27. Re2 Qxe3 28. fxe3 Rbc8 29. Rc2 Rd3 30. Kf2 Rdxc3 31. Rxc3 Rxc3 32. Ke2 Rc2+ 33. Kd3 Rxa2 34. b5 Rxg2 35. b6 a2 36. Ra1 Rb2 0-1

[Event "*** SCC Grand Prix: Titled Tuesday Blitz"]
[Site "Chess.com"]
[Date "2020.07.14"]
[Round "10"]
[White "keepitcool9499"]
[Black "aripov96"]
[Result "1-0"]
[WhiteElo "2564"]
[BlackElo "2436"]
[TimeControl "180+1"]
[EndTime "11:57:47 PDT"]
[Termination "keepitcool9499 won by checkmate"]

1. d4 d5 2. c4 c6 3. cxd5 cxd5 4. Nc3 Nf6 5. Bf4 Nc6 6. Nf3 a6 7. e3 Bg4 8. Rc1 e6 9. Qb3 Bxf3 10. gxf3 Qd7 11.
Na4 Bb4+ 12. Kd1 Qe7 13. a3 Ba5 14. Nc5 Ra7 15. Bd3 O-O 16. Ke2 e5 17. dxe5 Nxe5 18. Rhg1 d4 19. Ne4 Nxd3 20. Qxd3 Nxe4 21. Qxe4 Qxe4 22. fxe4 dxe3 23. Bxe3 Raa8 24. Bh6 Rfd8 25. Rxg7+ Kh8 26. Rxf7 Rac8 27. Rxc8 Rxc8 28. Rxb7 Bd8 29. e5 Bc7 30. f4 Bd8 31. Kd3 Bc7 32. Ke4 Bd8 33. Rf7 a5 34. Rf8# 1-0

[Event "*** SCC Grand Prix: Titled Tuesday Blitz"]
[Site "Chess.com"]
[Date "2020.07.14"]
[Round "10"]
[White "ChronicUnhappiness"]
[Black "grunbergmihai"]
[Result "1/2-1/2"]
[WhiteElo "2369"]
[BlackElo "2500"]
[TimeControl "180+1"]
[EndTime "11:57:47 PDT"]
[Termination "Game drawn by repetition"]

1. d4 f5 2. Nf3 Nf6 3. g3 g6 4. Bg2 Bg7 5. O-O O-O 6. b3 a5 7. a4 c6 8. Na3 Ne4 9. Bb2 d5 10. e3 Be6 11. Ne1 Nd7 12. f3 Nd6 13. Nd3 b5 14. Ne5 Qb6 15. Nxd7 Bxd7 16. axb5 cxb5 17. c3 b4 18. cxb4 axb4 19. Nc2 e6 20. Qd2 Rab8 21. Rfc1 Rfc8 22. Ne1 Nb7 23. Nd3 Na5 24. Nc5 Be8 25.
Rxa5 Qxa5 26. Nxe6 Rxc1+ 27. Qxc1 Bd7 28. Nxg7 Kxg7 29. e4 Rc8 30. Qf4 Qc7 31. Qh4 Qc2 32.
Qe7+ Kh6 33. Qh4+ Kg7 34. Qe7+ Kh6 35. Qh4+ Kg7 1/2-1/2

[Event "*** SCC Grand Prix: Titled Tuesday Blitz"]
[Site "Chess.com"]
[Date "2020.07.14"]
[Round "10"]
[White "Gerodot71"]
[Black "KaspMagAlpha"]
[Result "1-0"]
[WhiteElo "2426"]
[BlackElo "2267"]
[TimeControl "180+1"]
[EndTime "11:57:47 PDT"]
[Termination "Gerodot71 won by resignation"]

1. d4 Nf6 2. c4 e6 3. Nf3 Bb4+ 4.
Bd2 c5 5. Bxb4 cxb4 6. a3 bxa3 7. Nxa3 O-O 8. e3 b6 9. Be2 Bb7 10. O-O d6 11. Qb1 Nc6 12. b4 a5 13. Nc2 Qc7 14. Rc1 Ne4 15. Qb2 Ne7 16. Rcb1 Bc6 17. Ra3 Nf6 18. Rba1 Be4 19. Qc3 axb4 20. Nxb4 Rxa3 21.
Qxa3 Ra8 22. Qb2 Rxa1+ 23. Qxa1 h6 24. Qa2 g6 25. h3 Kg7 26. Qa6 Nf5 27. Qb5 Ne7 28.
Nd2 Ba8 29. Na2 Nd7 30. Nc3 Bc6 31. Qb2 Qb7 32. d5 exd5 33. cxd5 Ne5 34. dxc6 Qxc6 35. Nf3 Nxf3+ 36. Bxf3 Kh7 37. Bxc6 1-0